General information
- name: BNet
- type: Ladder team game (AT/RT)
- host: Battle.net
- saver: DANGGOLLY
map: Cherryville
- players: 8
- length: 40:20
- speed: Fast
- version: 1.27 W3XP
- replay type: Public
» download(308 KB)
Players
team 1 (loser)
li331 (
green | 68 APM | 2141 actions | 31:18)
5 Archmage
3 Summon Water Elemental
2 Brilliance Aura
4 Mountain King
2 Storm Bolt
2 Bash
4 Paladin
2 Holy Light
2 Divine Shield
» actions
| Assign group hotkey | 32 | |
| Basic commands | 187 | |
| Build / train | 59 | |
| ESC pressed | 3 | |
| Enter build submenu | 27 | |
| Enter hero's abilities submenu | 14 | |
| Give item / drop item | 4 | |
| Right click | 568 | |
| Select / deselect | 322 | |
| Select group hotkey | 793 | |
| Use ability | 132 | |
2141 total
» units
| Peasant | 8 | |
| Footman | 5 | |
| Gryphon Rider | 8 | |
21 total
» upgrades
| Defend | 1 | |
| Masonry | 1 | |
| Storm Hammers | 1 | |
| Animal War Training | 1 | |
| Cloud | 1 | |
5 total
» buildings
| Barracks | 1 | |
| Altar of Kings | 1 | |
| Farm | 12 | |
| Lumber Mill | 1 | |
| Scout Tower | 3 | |
| Arcane Vault | 1 | |
| Keep | 1 | |
| Guard Tower | 2 | |
| Blacksmith | 2 | |
| Castle | 1 | |
| Gryphon Aviary | 2 | |
| Town Hall | 2 | |
29 total
» build order
00:18 Barracks
00:28 Altar of Kings
00:50 Farm
01:26 Farm
01:44 Farm
02:03 Lumber Mill
02:07 Scout Tower
02:14 Scout Tower
02:21 Arcane Vault
03:36 Keep
03:38 Guard Tower
04:00 Guard Tower
04:05 Blacksmith
04:10 Blacksmith
05:07 Farm
05:59 Castle
06:37 Gryphon Aviary
06:40 Gryphon Aviary
08:00 Farm
10:04 Town Hall
10:12 Farm
10:13 Farm
11:33 Farm
12:59 Farm
13:42 Farm
14:41 Farm
15:29 Farm
17:28 Scout Tower
28:03 Town Hall
» items
| Scroll of Regeneration | 3 | |
| Scroll of Town Portal | 6 | |
| Staff of Sanctuary | 1 | |
| Ivory Tower | 3 | |
13 total
hey_nongman (
pink | 58 APM | 1778 actions | 30:49)
6 Death Knight
3 Death Coil
2 Unholy Aura
1 Animate Dead
4 Crypt Lord
2 Impale
2 Spiked Carapace
» actions
| Assign group hotkey | 50 | |
| Basic commands | 3 | |
| Build / train | 70 | |
| Enter build submenu | 21 | |
| Enter hero's abilities submenu | 10 | |
| Give item / drop item | 2 | |
| Right click | 829 | |
| Select / deselect | 244 | |
| Select group hotkey | 452 | |
| Use ability | 97 | |
1778 total
» units
| Acolyte | 7 | |
| Ghoul | 5 | |
| Crypt Fiend | 6 | |
| Frost Wyrm | 9 | |
27 total
» upgrades
| Creature Attack | 3 | |
| Creature Carapace | 3 | |
| Web | 1 | |
| Freezing Breath | 1 | |
8 total
» buildings
| Crypt | 1 | |
| Ziggurat | 7 | |
| Graveyard | 1 | |
| Altar of Darkness | 1 | |
| Tomb of Relics | 1 | |
| Necropolis | 2 | |
| Halls of the Dead | 1 | |
| Spirit Tower | 2 | |
| Nerubian Tower | 1 | |
| Sacrificial Pit | 1 | |
| Black Citadel | 1 | |
| Boneyard | 5 | |
24 total
» build order
00:06 Crypt
00:11 Ziggurat
00:39 Graveyard
00:59 Altar of Darkness
01:28 Tomb of Relics
01:44 Ziggurat
04:26 Necropolis
04:34 Ziggurat
05:01 Halls of the Dead
06:21 Spirit Tower
06:33 Ziggurat
06:37 Ziggurat
07:13 Ziggurat
07:34 Nerubian Tower
07:46 Spirit Tower
09:02 Sacrificial Pit
09:31 Black Citadel
10:47 Ziggurat
10:50 Necropolis
12:05 Boneyard
12:23 Boneyard
12:44 Boneyard
12:49 Boneyard
13:05 Boneyard
» items
| Rod of Necromancy | 3 | |
| Sacrificial Skull | 1 | |
| Potion of Mana | 2 | |
| Scroll of Town Portal | 3 | |
| Orb of Fire | 1 | |
| Scroll of Healing | 1 | |
11 total
llSheRloCkll (
red | 41 APM | 1264 actions | 30:51)
6 Blood Mage
3 Banish
2 Siphon Mana
1 Summon Phoenix
» actions
| Basic commands | 266 | |
| Build / train | 74 | |
| ESC pressed | 3 | |
| Enter build submenu | 33 | |
| Enter hero's abilities submenu | 6 | |
| Right click | 376 | |
| Select / deselect | 390 | |
| Use ability | 116 | |
1264 total
» units
| Peasant | 22 | |
| Footman | 7 | |
| Dragonhawk Rider | 2 | |
| Gryphon Rider | 11 | |
42 total
» upgrades
| Swords | 2 | |
| Lumber Harvesting | 2 | |
| Storm Hammers | 1 | |
| Animal War Training | 1 | |
| Armor | 2 | |
| Cloud | 1 | |
9 total
» buildings
| Altar of Kings | 1 | |
| Barracks | 2 | |
| Farm | 12 | |
| Scout Tower | 9 | |
| Arcane Tower | 1 | |
| Lumber Mill | 2 | |
| Keep | 1 | |
| Town Hall | 3 | |
| Blacksmith | 1 | |
| Arcane Vault | 1 | |
| Castle | 1 | |
| Gryphon Aviary | 4 | |
| Guard Tower | 3 | |
41 total
» build order
00:53 Altar of Kings
01:06 Barracks
01:09 Farm
01:17 Farm
01:55 Farm
01:59 Farm
02:10 Scout Tower
02:39 Arcane Tower
03:29 Lumber Mill
04:19 Keep
04:51 Town Hall
05:07 Blacksmith
06:33 Arcane Vault
06:48 Castle
07:34 Gryphon Aviary
07:54 Gryphon Aviary
08:31 Gryphon Aviary
09:00 Farm
09:02 Farm
09:05 Farm
09:40 Lumber Mill
10:21 Gryphon Aviary
11:37 Farm
12:30 Farm
12:34 Scout Tower
12:35 Scout Tower
12:38 Scout Tower
12:39 Scout Tower
12:43 Scout Tower
12:45 Scout Tower
12:47 Scout Tower
12:48 Scout Tower
13:21 Farm
13:52 Guard Tower
13:58 Guard Tower
17:30 Town Hall
18:00 Guard Tower
26:06 Town Hall
26:16 Barracks
26:24 Farm
26:25 Farm
» items
| Scroll of Regeneration | 5 | |
| Scroll of Town Portal | 3 | |
8 total
Put.U.Down. (
teal | 100 APM | 4042 actions | 40:18)
7 Archmage
3 Summon Water Elemental
3 Brilliance Aura
1 Mass Teleport
6 Mountain King
3 Storm Bolt
2 Bash
1 Avatar
» actions
| Assign group hotkey | 147 | |
| Basic commands | 77 | |
| Build / train | 182 | |
| ESC pressed | 2 | |
| Enter build submenu | 66 | |
| Enter hero's abilities submenu | 13 | |
| Give item / drop item | 2 | |
| Right click | 1638 | |
| Select / deselect | 485 | |
| Select group hotkey | 1100 | |
| Use ability | 330 | |
4042 total
» units
| Peasant | 17 | |
| Footman | 7 | |
| Goblin Shredder | 4 | |
| Sorceress | 1 | |
| Gryphon Rider | 4 | |
| Dragonhawk Rider | 5 | |
| Goblin Sapper | 2 | |
40 total
» upgrades
| Swords | 3 | |
| Masonry | 3 | |
| Armor | 3 | |
| Sorceress Training | 2 | |
| Animal War Training | 1 | |
| Storm Hammers | 1 | |
| Cloud | 1 | |
14 total
» buildings
| Farm | 11 | |
| Altar of Kings | 1 | |
| Barracks | 1 | |
| Arcane Vault | 1 | |
| Lumber Mill | 1 | |
| Blacksmith | 1 | |
| Town Hall | 4 | |
| Keep | 4 | |
| Scout Tower | 42 | |
| Guard Tower | 57 | |
| Castle | 2 | |
| Arcane Sanctum | 1 | |
| Gryphon Aviary | 4 | |
130 total
» build order
00:40 Farm
00:42 Farm
00:53 Altar of Kings
01:02 Farm
01:30 Barracks
01:54 Arcane Vault
02:00 Lumber Mill
02:10 Farm
02:41 Blacksmith
04:18 Town Hall
05:42 Keep
05:42 Keep
05:42 Keep
07:11 Farm
07:18 Scout Tower
07:19 Scout Tower
07:24 Scout Tower
07:25 Scout Tower
07:26 Scout Tower
07:29 Scout Tower
07:30 Scout Tower
07:34 Scout Tower
07:53 Guard Tower
07:53 Guard Tower
07:58 Guard Tower
07:58 Guard Tower
07:58 Guard Tower
07:58 Guard Tower
07:59 Guard Tower
07:59 Guard Tower
08:05 Castle
08:05 Castle
08:10 Arcane Sanctum
08:30 Gryphon Aviary
08:31 Gryphon Aviary
08:35 Scout Tower
08:36 Scout Tower
08:37 Scout Tower
09:01 Guard Tower
09:01 Guard Tower
09:01 Guard Tower
09:03 Scout Tower
09:04 Scout Tower
09:08 Scout Tower
09:10 Scout Tower
09:13 Scout Tower
09:33 Guard Tower
09:34 Guard Tower
09:34 Guard Tower
09:36 Guard Tower
09:36 Guard Tower
10:55 Guard Tower
11:04 Scout Tower
11:07 Scout Tower
11:10 Scout Tower
11:11 Scout Tower
11:12 Scout Tower
11:27 Scout Tower
11:27 Scout Tower
11:29 Scout Tower
11:34 Scout Tower
11:35 Scout Tower
11:36 Scout Tower
11:39 Farm
11:40 Farm
11:42 Farm
11:47 Farm
11:49 Farm
11:53 Guard Tower
11:53 Guard Tower
11:54 Guard Tower
11:54 Guard Tower
12:45 Farm
13:45 Guard Tower
13:46 Guard Tower
13:46 Guard Tower
17:50 Gryphon Aviary
17:51 Gryphon Aviary
17:54 Scout Tower
17:55 Scout Tower
17:56 Scout Tower
18:02 Scout Tower
18:07 Scout Tower
18:08 Scout Tower
18:11 Scout Tower
18:32 Guard Tower
18:32 Guard Tower
19:07 Guard Tower
19:07 Guard Tower
19:07 Guard Tower
19:57 Guard Tower
19:57 Guard Tower
19:57 Guard Tower
30:11 Town Hall
30:12 Scout Tower
30:13 Scout Tower
30:13 Scout Tower
30:14 Scout Tower
31:07 Guard Tower
31:07 Guard Tower
31:07 Guard Tower
32:35 Town Hall
32:37 Scout Tower
32:37 Scout Tower
32:38 Scout Tower
32:39 Scout Tower
33:12 Guard Tower
33:12 Guard Tower
33:13 Guard Tower
33:13 Guard Tower
33:13 Guard Tower
35:52 Town Hall
» items
| Scroll of Regeneration | 5 | |
| Mechanical Critter | 4 | |
| Boots of Speed | 1 | |
| Periapt of Vitality | 2 | |
| Staff of Teleportation | 2 | |
| Circlet of Nobility | 1 | |
| Orb of Corruption | 5 | |
| Scroll of Town Portal | 2 | |
| Staff of Sanctuary | 1 | |
| Lesser Clarity Potion | 1 | |
| Ivory Tower | 2 | |
| Potion of Lesser Invulnerability | 1 | |
27 total
team 2 (winner)

»
MENDIEV (
yellow | 100 APM | 1558 actions | 15:34)
4 Archmage
2 Summon Water Elemental
1 Blizzard
1 Brilliance Aura
» actions
| Assign group hotkey | 32 | |
| Basic commands | 96 | |
| Build / train | 98 | |
| ESC pressed | 5 | |
| Enter build submenu | 50 | |
| Enter hero's abilities submenu | 4 | |
| Give item / drop item | 1 | |
| Remove unit from queue | 1 | |
| Right click | 448 | |
| Select / deselect | 302 | |
| Select group hotkey | 420 | |
| Use ability | 101 | |
1558 total
» units
| Peasant | 21 | |
| Footman | 17 | |
| Rifleman | 3 | |
| Siege Engine | 2 | |
| Knight | 1 | |
44 total
» upgrades
| Defend | 1 | |
| Masonry | 1 | |
| Swords | 1 | |
| Armor | 2 | |
| Plating | 1 | |
| Long Rifles | 1 | |
| Gunpowder | 1 | |
| Barrage | 1 | |
9 total
» buildings
| Altar of Kings | 1 | |
| Farm | 14 | |
| Barracks | 2 | |
| Scout Tower | 14 | |
| Arcane Tower | 2 | |
| Arcane Vault | 2 | |
| Town Hall | 1 | |
| Lumber Mill | 1 | |
| Guard Tower | 9 | |
| Keep | 3 | |
| Blacksmith | 1 | |
| Castle | 4 | |
| Gryphon Aviary | 1 | |
| Workshop | 4 | |
59 total
» build order
00:13 Altar of Kings
00:16 Farm
00:55 Barracks
01:07 Farm
01:17 Scout Tower
01:59 Arcane Tower
02:04 Farm
02:31 Arcane Vault
03:31 Farm
04:11 Farm
05:07 Town Hall
05:47 Scout Tower
05:48 Scout Tower
05:55 Scout Tower
05:57 Scout Tower
06:03 Farm
06:44 Lumber Mill
07:10 Arcane Vault
07:35 Farm
07:37 Scout Tower
07:50 Guard Tower
07:51 Guard Tower
07:51 Guard Tower
07:53 Scout Tower
07:56 Scout Tower
08:12 Farm
08:16 Scout Tower
08:19 Farm
08:20 Guard Tower
08:21 Guard Tower
08:35 Arcane Tower
08:42 Scout Tower
09:04 Keep
09:05 Keep
09:10 Farm
09:22 Blacksmith
09:25 Scout Tower
09:27 Guard Tower
09:30 Guard Tower
09:32 Farm
09:35 Farm
09:58 Guard Tower
10:06 Scout Tower
10:22 Scout Tower
10:26 Farm
11:19 Farm
12:23 Guard Tower
12:24 Castle
12:24 Castle
12:25 Castle
12:28 Gryphon Aviary
12:32 Workshop
12:36 Workshop
12:39 Workshop
13:17 Workshop
13:52 Scout Tower
13:59 Barracks
» items
| Scroll of Regeneration | 4 | |
| Lesser Clarity Potion | 4 | |
| Scroll of Town Portal | 1 | |
| Orb of Corruption | 1 | |
| Potion of Healing | 1 | |
| Potion of Mana | 1 | |
12 total
Cecil (
blue | 149 APM | 5339 actions | 35:46)
5 Death Knight
2 Death Coil
3 Unholy Aura
6 Lich
3 Frost Nova
2 Frost Armor
1 Death and Decay
» actions
| Assign group hotkey | 45 | |
| Basic commands | 479 | |
| Build / train | 89 | |
| ESC pressed | 20 | |
| Enter build submenu | 42 | |
| Enter hero's abilities submenu | 12 | |
| Give item / drop item | 4 | |
| Right click | 1286 | |
| Select / deselect | 603 | |
| Select group hotkey | 2644 | |
| Use ability | 115 | |
5339 total
» units
| Acolyte | 27 | |
| Ghoul | 4 | |
| Crypt Fiend | 10 | |
| Goblin Shredder | 1 | |
| Frost Wyrm | 1 | |
| Peasant | 4 | |
| Rifleman | 6 | |
53 total
» upgrades
| Creature Attack | 4 | |
| Web | 1 | |
| Burrow | 1 | |
6 total
» buildings
| Graveyard | 1 | |
| Crypt | 1 | |
| Altar of Darkness | 3 | |
| Ziggurat | 17 | |
| Tomb of Relics | 2 | |
| Halls of the Dead | 1 | |
| Spirit Tower | 4 | |
| Black Citadel | 1 | |
| Necropolis | 9 | |
| Sacrificial Pit | 1 | |
| Boneyard | 3 | |
| Scout Tower | 5 | |
| Guard Tower | 2 | |
50 total
» build order
00:13 Graveyard
00:19 Crypt
00:32 Altar of Darkness
00:48 Ziggurat
00:53 Ziggurat
01:11 Tomb of Relics
02:04 Ziggurat
03:23 Ziggurat
04:26 Halls of the Dead
05:35 Ziggurat
06:12 Ziggurat
06:59 Ziggurat
07:05 Spirit Tower
08:02 Black Citadel
08:48 Spirit Tower
08:51 Necropolis
08:58 Ziggurat
09:00 Ziggurat
09:28 Sacrificial Pit
10:00 Spirit Tower
10:25 Necropolis
10:31 Necropolis
10:34 Tomb of Relics
11:08 Boneyard
11:10 Boneyard
12:17 Ziggurat
15:31 Spirit Tower
17:20 Boneyard
17:46 Ziggurat
17:47 Ziggurat
17:48 Ziggurat
17:49 Ziggurat
17:51 Ziggurat
17:52 Necropolis
21:01 Necropolis
22:19 Necropolis
22:42 Necropolis
22:43 Ziggurat
22:44 Ziggurat
24:00 Necropolis
28:39 Scout Tower
28:41 Scout Tower
28:43 Scout Tower
28:44 Scout Tower
28:47 Scout Tower
29:13 Guard Tower
29:15 Guard Tower
31:19 Altar of Darkness
31:31 Altar of Darkness
33:56 Necropolis
» items
| Rod of Necromancy | 2 | |
| Sacrificial Skull | 1 | |
| Scroll of Town Portal | 2 | |
| Potion of Healing | 1 | |
| Boots of Speed | 1 | |
| Circlet of Nobility | 1 | |
8 total

»
N0S0UPF0RY0U (
purple | 56 APM | 2149 actions | 38:08)
7 Mountain King
3 Storm Bolt
3 Bash
1 Avatar
» actions
| Basic commands | 5 | |
| Build / train | 92 | |
| ESC pressed | 1 | |
| Enter build submenu | 24 | |
| Enter hero's abilities submenu | 8 | |
| Remove unit from queue | 1 | |
| Right click | 1466 | |
| Select / deselect | 488 | |
| Use ability | 64 | |
2149 total
» units
| Peasant | 16 | |
| Footman | 7 | |
| Gryphon Rider | 19 | |
| Dragonhawk Rider | 1 | |
| Siege Engine | 1 | |
| Flying Machine | 20 | |
64 total
» upgrades
| Lumber Harvesting | 2 | |
| Storm Hammers | 1 | |
| Swords | 2 | |
| Armor | 1 | |
| Flak Cannons | 1 | |
| Flying Machine Bombs | 1 | |
8 total
» buildings
| Altar of Kings | 1 | |
| Farm | 13 | |
| Barracks | 1 | |
| Arcane Vault | 1 | |
| Keep | 1 | |
| Town Hall | 2 | |
| Lumber Mill | 1 | |
| Castle | 1 | |
| Gryphon Aviary | 3 | |
| Blacksmith | 1 | |
25 total
» build order
00:04 Altar of Kings
00:05 Farm
00:08 Barracks
00:56 Farm
01:34 Farm
02:17 Arcane Vault
03:37 Keep
03:38 Farm
04:54 Town Hall
05:07 Farm
05:16 Lumber Mill
07:19 Castle
08:15 Gryphon Aviary
08:18 Gryphon Aviary
08:35 Farm
09:09 Gryphon Aviary
09:32 Blacksmith
12:29 Farm
12:32 Farm
12:53 Farm
13:16 Farm
13:18 Farm
15:26 Farm
33:07 Town Hall
34:31 Farm
» items
| Scroll of Regeneration | 2 | |
| Orb of Corruption | 1 | |
| Scroll of Town Portal | 3 | |
| Boots of Speed | 1 | |
7 total
DANGGOLLY (
orange | 73 APM | 2963 actions | 40:20)
9 Blademaster
3 Wind Walk
3 Critical Strike
1 Bladestorm
2 Mirror Image
» actions
| Assign group hotkey | 30 | |
| Basic commands | 51 | |
| Build / train | 68 | |
| Enter build submenu | 44 | |
| Enter hero's abilities submenu | 9 | |
| Give item / drop item | 3 | |
| Remove unit from queue | 1 | |
| Right click | 1382 | |
| Select / deselect | 321 | |
| Select group hotkey | 837 | |
| Use ability | 217 | |
2963 total
» units
| Peon | 13 | |
| Grunt | 3 | |
| Goblin Shredder | 4 | |
| Wind Rider | 8 | |
| Troll Batrider | 7 | |
35 total
» upgrades
| Ranged Weapons | 2 | |
| Armor | 2 | |
| Reinforced Defenses | 1 | |
| Envenomed Spears | 1 | |
6 total
» buildings
| Altar of Storms | 1 | |
| Orc Burrow | 7 | |
| Barracks | 1 | |
| Voodoo Lounge | 1 | |
| Stronghold | 2 | |
| Great Hall | 4 | |
| War Mill | 1 | |
| Beastiary | 3 | |
| Watch Tower | 51 | |
| Fortress | 2 | |
73 total
» build order
00:07 Altar of Storms
00:21 Orc Burrow
00:36 Barracks
01:24 Orc Burrow
01:56 Voodoo Lounge
02:58 Stronghold
02:58 Stronghold
03:39 Orc Burrow
04:36 Great Hall
04:40 War Mill
06:53 Beastiary
06:54 Beastiary
07:01 Great Hall
07:04 Watch Tower
07:04 Watch Tower
07:05 Watch Tower
07:05 Watch Tower
07:06 Watch Tower
07:10 Watch Tower
07:11 Watch Tower
08:10 Fortress
08:10 Fortress
08:27 Watch Tower
08:31 Watch Tower
09:08 Watch Tower
09:16 Orc Burrow
09:28 Watch Tower
09:28 Watch Tower
09:53 Watch Tower
11:17 Beastiary
11:34 Orc Burrow
11:55 Watch Tower
11:55 Watch Tower
13:01 Watch Tower
13:01 Watch Tower
13:01 Watch Tower
13:01 Watch Tower
13:59 Watch Tower
13:59 Watch Tower
14:00 Watch Tower
14:15 Orc Burrow
14:47 Watch Tower
14:47 Watch Tower
15:05 Watch Tower
15:05 Watch Tower
15:45 Watch Tower
15:45 Watch Tower
15:53 Watch Tower
17:26 Watch Tower
17:26 Watch Tower
17:27 Watch Tower
19:43 Watch Tower
19:44 Watch Tower
20:25 Watch Tower
20:26 Watch Tower
20:26 Watch Tower
20:26 Watch Tower
21:03 Watch Tower
21:03 Watch Tower
23:25 Orc Burrow
24:57 Great Hall
25:55 Watch Tower
25:55 Watch Tower
25:55 Watch Tower
26:46 Great Hall
27:13 Watch Tower
27:14 Watch Tower
28:42 Watch Tower
28:43 Watch Tower
29:29 Watch Tower
29:29 Watch Tower
29:30 Watch Tower
» items
| Healing Salve | 3 | |
| Staff of Teleportation | 1 | |
| Potion of Lesser Invulnerability | 2 | |
| Orb of Lightning | 1 | |
| Scroll of Town Portal | 3 | |
10 total
Chat log
(00:05 / Allies) Cecil: 100g plz
(00:13 / All) N0S0UPF0RY0U: a suhhhhhh dude!
(00:16 / All) N0S0UPF0RY0U: a suhhhh bro!
(00:21 / Allies) Cecil: 100g
(00:27 / Allies) N0S0UPF0RY0U: i dont got b
(00:29 / All) DANGGOLLY: trump for pres!
(00:41 / Allies) N0S0UPF0RY0U: blue what expo u want nigga
(00:50 / Allies) N0S0UPF0RY0U: aigght nigger
(01:10 / All) DANGGOLLY: thank god im not a nigger i would hang myslef
(01:20 / All) N0S0UPF0RY0U: whooooa chill with the nigger word br
(01:22 / All) N0S0UPF0RY0U: bro
(01:30 / All) N0S0UPF0RY0U: fuckkkkin niggaaa
(01:35 / All) DANGGOLLY: this nigga
(01:41 / Allies) N0S0UPF0RY0U: I FORGOT TO MAKE A HERO NIGGER
(01:53 / All) DANGGOLLY: dayum nig
(01:54 / Allies) N0S0UPF0RY0U: whatever im sitll gonna top score this game
(02:04 / Allies) N0S0UPF0RY0U: cuz i got my nigga orange with me cuh
(02:17 / All) DANGGOLLY: top score in a game infested with hackers and bad players. great accomplishment
(02:26 / Allies) N0S0UPF0RY0U: but i got u with me nigga
(02:33 / All) Put.U.Down.: top score in 14 yo game lol
(02:47 / All) N0S0UPF0RY0U: ill suck ur dick if u keep top scoring games teal
(05:37 / Allies) N0S0UPF0RY0U: niggas gotta give me some wood quick
(05:41 / Allies) N0S0UPF0RY0U: ON MY WAY
(05:46 / All) DANGGOLLY: wow
(05:48 / All) DANGGOLLY: hackers like i said
(05:56 / Allies) N0S0UPF0RY0U: li33i is a hacker btw
(05:56 / Allies) N0S0UPF0RY0U: lol
(06:06 / All) hey_nongman: what are teh chances an expo is ata gold mine?
(06:08 / All) N0S0UPF0RY0U: green uve been hacking on this game for so long faggot
(06:09 / All) hey_nongman: crazy
(06:41 / All) DANGGOLLY: fucking nigger hacker
(06:50 / Allies) N0S0UPF0RY0U: wood me quick
(06:53 / Allies) N0S0UPF0RY0U: i gotta tech fast
(07:00 / Allies) MENDIEV: wood plz
(07:30 / Allies) Cecil: gold if you can spare
(07:30 / All) N0S0UPF0RY0U: green u a bitch nigga
(08:28 / Allies) N0S0UPF0RY0U: oj wood me plz brother
(08:45 / Allies) N0S0UPF0RY0U: notice how he puts up images
(08:48 / Allies) N0S0UPF0RY0U: cuz he knows u have towers
(08:49 / Allies) N0S0UPF0RY0U: cuz he hacks
(09:02 / All) N0S0UPF0RY0U: LOSER
(09:24 / Allies) Cecil: telas bot
(09:28 / Allies) N0S0UPF0RY0U: blue u gotta wood me bro
(09:34 / Allies) Cecil: y?
(09:46 / Allies) Cecil: group
(09:47 / Allies) Cecil: 2 bot
(09:52 / Allies) N0S0UPF0RY0U: on my way
(09:55 / Allies) N0S0UPF0RY0U: hero targetting btw
(09:59 / Allies) N0S0UPF0RY0U: im taking out their weak heros
(10:02 / Allies) N0S0UPF0RY0U: upgrade towers
(10:05 / Allies) DANGGOLLY: we have to hit top
(10:48 / Allies) N0S0UPF0RY0U: DUDE
(10:50 / Allies) N0S0UPF0RY0U: LET ME HERO GET IN FRONT
(11:32 / Allies) Cecil: dont hit
(11:35 / Allies) Cecil: hitting undead base is sucidei
(11:40 / Allies) DANGGOLLY: hit so i can hit
(12:02 / Allies) N0S0UPF0RY0U: b
(12:18 / Allies) N0S0UPF0RY0U: gt gryphs at my base
(12:18 / Allies) N0S0UPF0RY0U: we good
(12:22 / Allies) Cecil: great
(12:22 / Allies) Cecil: we lose
(12:30 / Allies) Cecil: fucking wood me
(12:35 / Allies) Cecil: oj
(12:38 / Allies) Cecil: you're sitting on 1k wood
(12:45 / Allies) N0S0UPF0RY0U: oj hook a brother up
(13:04 / Allies) Cecil: b
(13:08 / Allies) Cecil: PURPLE
(13:13 / Allies) N0S0UPF0RY0U: stfu i know how to play dawg
(13:14 / Allies) N0S0UPF0RY0U: thanks
(13:17 / Allies) Cecil: thye have fucking fiends be careful
(14:00 / Allies) N0S0UPF0RY0U: lets push somewhere man
(14:01 / Allies) Cecil: ill scou wiht shade
(14:03 / Allies) Cecil: oj gourp at my expo
(15:19 / Allies) MENDIEV: wood
(15:29 / Allies) Cecil: teamates are retardd
(15:34 / Allies) Cecil: gg
(15:34 / Allies) Cecil: yellows an idiot
(15:36 / Allies) N0S0UPF0RY0U: ur fuckign dumb blue
(16:20 / Allies) DANGGOLLY: jtp?
(17:22 / Allies) N0S0UPF0RY0U: use yellows tanks
(17:24 / Allies) N0S0UPF0RY0U: we need them..
(18:06 / Allies) Cecil: tp?
(19:40 / All) Put.U.Down.: lol
(21:18 / Allies) DANGGOLLY: we dont have enough
(21:21 / Allies) Cecil: temamatea re a fuckign joke
(21:23 / Allies) N0S0UPF0RY0U: they have nothing
(22:48 / Allies) Cecil: god you guys are so fuckign daft
(22:54 / Allies) Cecil: i have been fighitng him the last 10 minutes
(22:56 / Allies) DANGGOLLY: blue stfu we are gonna win
(22:56 / Allies) Cecil: and nothing form the team
(22:57 / Allies) DANGGOLLY: watch lawl
(22:59 / Allies) Cecil: gg
(23:01 / All) Put.U.Down.: double bolt lol
(23:02 / Allies) N0S0UPF0RY0U: gg leave
(23:03 / Allies) N0S0UPF0RY0U: retard
(23:26 / Allies) Cecil: so fucking daft
(24:06 / Allies) DANGGOLLY: omw purple
(24:28 / Allies) N0S0UPF0RY0U: orange
(24:30 / Allies) N0S0UPF0RY0U: hero target with me
(24:44 / Allies) Cecil: PURPE
(24:47 / Allies) Cecil: MVOE YOUR GRYPHONS
(24:51 / Allies) Cecil: DO STUPID
(25:01 / Allies) Cecil: how retarded
(25:31 / All) DANGGOLLY: u know what blue
(25:32 / All) DANGGOLLY: fuck u
(25:40 / All) Put.U.Down.: so close to level 6
(25:41 / Allies) N0S0UPF0RY0U: next base
(26:10 / Allies) Cecil: i still havea a wyverns shack...
(26:36 / Allies) Cecil: 300 gold me
(26:44 / Allies) N0S0UPF0RY0U: YO
(26:45 / Allies) N0S0UPF0RY0U: HIT
(26:46 / Allies) N0S0UPF0RY0U: THE ENXT
(26:47 / Allies) N0S0UPF0RY0U: BASE
(26:52 / Allies) DANGGOLLY: aight hit pink
(26:55 / Allies) DANGGOLLY: was jus tkiling blues acos
(27:42 / Allies) N0S0UPF0RY0U: yo orange
(27:46 / Allies) N0S0UPF0RY0U: u gotta use that bm and kill reds expo
(28:24 / Allies) N0S0UPF0RY0U: check this expo too
(29:18 / Allies) N0S0UPF0RY0U: lets push somewhere
(29:21 / Allies) Cecil: there gonna hit
(29:23 / Allies) Cecil: this expo
(29:57 / Allies) Cecil: purple
(30:00 / Allies) Cecil: get your gryphon
(30:31 / Allies) N0S0UPF0RY0U: TPING
(30:32 / Allies) N0S0UPF0RY0U: STAY
(30:39 / All) llSheRloCkll: gg
(30:42 / All) llSheRloCkll: teal was a douche bag
(30:45 / All) llSheRloCkll: glad we lost
(30:49 / All) Put.U.Down.: Red thinks he can order me around
(30:51 / All) N0S0UPF0RY0U: gg blue sucks
(30:55 / All) Put.U.Down.: he should go play solo
(31:14 / Allies) DANGGOLLY: finish red
(31:36 / Allies) N0S0UPF0RY0U: fucking retard
(31:44 / All) DANGGOLLY: lol blue
(31:48 / All) DANGGOLLY: blue was such a nigger
(31:56 / All) Cecil: please i carried the game
(32:00 / All) Cecil: 1v2ing the whole game
(32:01 / All) Put.U.Down.: gg
(32:03 / All) Put.U.Down.: you can leave
(32:05 / All) DANGGOLLY: you get to get carried to a loss
(32:07 / All) DANGGOLLY: too lol
(32:10 / All) Cecil: while the 4 retardeds dicked aroudn with eadch ohter
(32:25 / Allies) N0S0UPF0RY0U: oj
(32:27 / Allies) N0S0UPF0RY0U: gold me for expo
(32:28 / All) DANGGOLLY: DIE BLUE
(32:30 / All) DANGGOLLY: die
(32:41 / All) DANGGOLLY: give me ur wood now blue
(32:43 / Allies) N0S0UPF0RY0U: oj gold me son
(32:45 / All) DANGGOLLY: and apologize
(32:50 / All) DANGGOLLY: or you die 100% blue
(32:59 / All) Put.U.Down.: Out
(32:59 / Allies) N0S0UPF0RY0U: were gonna lose..
(33:00 / All) Put.U.Down.: 1v4
(33:07 / Allies) Cecil: nah
(33:10 / Allies) Cecil: id rathe you lsot ornage
(33:14 / All) DANGGOLLY: lawl
(33:16 / All) DANGGOLLY: teal tell him
(33:27 / All) Put.U.Down.: From where you're kneeling it must look like an 18-karat run of bad luck
(33:29 / All) Put.U.Down.: but the truth is
(33:32 / All) Put.U.Down.: the game was rigged from the start
(33:48 / Allies) N0S0UPF0RY0U: orange
(33:49 / All) DANGGOLLY: sad this is a "high ell " game
(33:52 / Allies) N0S0UPF0RY0U: u should get my hero back bro
(34:00 / Allies) Cecil: see purples retarded
(34:04 / Allies) Cecil: like ive been saying all game
(34:06 / Allies) Cecil: and orange is retarded
(34:07 / Allies) N0S0UPF0RY0U: i need resources
(34:08 / All) Put.U.Down.: High ell is pathetic now lol
(34:14 / All) DANGGOLLY: mark farm
(34:19 / Allies) N0S0UPF0RY0U: 600 g
(34:32 / Allies) N0S0UPF0RY0U: fuck
(34:33 / Allies) N0S0UPF0RY0U: one sec
(34:49 / Allies) Cecil: ornage lost this
(34:51 / Allies) N0S0UPF0RY0U: hes coming at my expo
(34:52 / Allies) N0S0UPF0RY0U: lol
(34:56 / All) N0S0UPF0RY0U: howd u know i expoed
(34:57 / All) DANGGOLLY: damn blue you're so dumb!
(34:58 / All) N0S0UPF0RY0U: what made u go there
(34:59 / All) Put.U.Down.: NO SOUP FOR YOU!
(35:00 / Allies) Cecil: teal ahs 3 expos
(35:00 / All) N0S0UPF0RY0U: LOOL
(35:08 / All) N0S0UPF0RY0U: u havea maphack but okay bro
(35:10 / All) Put.U.Down.: I told ya the game was rigged
(35:13 / All) Cecil: ill give my resources to yellow
(35:16 / All) Put.U.Down.: My ally on your team tells me everything
(35:22 / All) Cecil: gg
(35:24 / All) DANGGOLLY: out blue
(35:26 / All) DANGGOLLY: out
(35:27 / All) Cecil: rofl yellow with 5k lumber
(35:37 / All) DANGGOLLY: blue too stupid to realize this game was set up from start
(35:41 / All) Cecil: orange got raped
(35:55 / Allies) N0S0UPF0RY0U: should i just leave
(36:05 / All) DANGGOLLY: yea purple , u may get a tie though not a loss
(36:09 / All) DANGGOLLY: we have to stats people
(36:20 / All) Put.U.Down.: Purp, leave you get a tie
(36:22 / All) Put.U.Down.: Stay you get a loss
(36:31 / All) Put.U.Down.: Purp loses if he stays here
(36:49 / All) DANGGOLLY: stats ur team
(36:57 / All) Put.U.Down.: Purp loses, he's here
(36:59 / All) Put.U.Down.: stats if he leaves
(37:09 / All) DANGGOLLY: he just asked if he should leave lol
(37:10 / All) N0S0UPF0RY0U: its whatever im enjoying this anyways
(37:15 / All) Put.U.Down.: Leave
(37:18 / All) Put.U.Down.: leave you get a tie
(37:20 / All) Put.U.Down.: stay you get a loss
(37:26 / All) DANGGOLLY: i kinda want green to lose
(37:28 / All) DANGGOLLY: if purple leaves
(37:30 / All) DANGGOLLY: cuz he hacks
(37:33 / All) DANGGOLLY: and is prob rank 1?
(37:34 / All) N0S0UPF0RY0U: green cheats
(37:41 / All) Put.U.Down.: So leave and he loses
(37:43 / All) Put.U.Down.: and you get a tie
(38:02 / All) DANGGOLLY: the ball is in your court purp
(38:05 / All) DANGGOLLY: we want green to lose
(38:08 / All) DANGGOLLY: but cant if u stay
(38:15 / All) Put.U.Down.: gonna stats anyway
(38:18 / All) DANGGOLLY: lawl k
(38:36 / All) Put.U.Down.: what the fuck is green's username, are those is or ls
(38:45 / All) Put.U.Down.: oh got it
(38:48 / All) Put.U.Down.: 717-707
(38:51 / All) DANGGOLLY: just look at
(38:53 / All) Put.U.Down.: pink 82-71
(38:54 / All) DANGGOLLY: top rt ladder hes lvl 33
(39:04 / All) Put.U.Down.: Red 107-105
(39:12 / All) Put.U.Down.: Blue 38-22
(39:23 / All) DANGGOLLY: let me look at rt lad
(39:35 / All) Put.U.Down.: Purp 244-236
(39:45 / All) Put.U.Down.: yellow 127-109
(39:53 / All) DANGGOLLY: says green is
(39:57 / All) DANGGOLLY: rank 6
(40:00 / All) Put.U.Down.: your team has better stats I think
(40:03 / All) Put.U.Down.: but mine has a maphacker
(40:05 / All) Put.U.Down.: my team loses
(40:08 / All) DANGGOLLY: i vote ur team loses cuz green is knock hacker and rank 6